 Dungeon Crawl Stone Soup version 0.23-a0-455-ge12115f (webtiles) character file.

22123 lolg the Carver (level 12, -41/91 HPs)
             Began as a Demonspawn Gladiator on Nov 24, 2018.
             Was a Believer of Sif Muna.
             Killed from afar by a frost giant (48 damage)
             ... with a bolt of cold
             ... in an ice cave.
             The game lasted 00:31:47 (16385 turns).

lolg the Carver (Demonspawn Gladiator)             Turns: 16385, Time: 00:31:49

Health: -41/91     AC: 29    Str: 18    XL:     12   Next: 60%
Magic:  0/12       EV:  4    Int: 12    God:    Sif Muna [**....]
Gold:   942        SH: 15    Dex: 17    Spells: 11/11 levels left

rFire    + . .     SeeInvis .   j - +4 scimitar
rCold    . . .     Gourm    .   b - +0 large shield
rNeg     . . .     Faith    .   C - +0 plate armour
rPois    .         Spirit   +   c - +0 helmet
rElec    .         Reflect  .   d - scarf {cloud immunity}
rCorr    .         Harm     .   q - +0 pair of gloves
MR       .....                  a - +0 pair of boots
Stlth    ..........             k - amulet of magic regeneration
HPRegen  0.25/turn              p - ring of protection from fire
MPRegen  0.38/turn              t - +3 ring of dexterity

@: sanguine armour
A: claws 1, powered by pain 1, magic shield, sanguine armour 3
a: Divine Energy, Renounce Religion


You were in an ice cave.
You worshipped Sif Muna.
Sif Muna was pleased with you.
You were not hungry.

You visited 3 branches of the dungeon, and saw 15 of its levels.
You also visited: Ice Cave.

You collected 942 gold pieces.

Inventory:

Hand Weapons
 j - a +4 scimitar (weapon)
Armour
 a - a +0 pair of boots (worn)
 b - a +0 large shield (worn)
 c - a +0 helmet (worn)
 d - a scarf of cloud immunity (worn)
 q - a +0 pair of gloves (worn)
 C - a +0 plate armour (worn)
Jewellery
 k - an amulet of magic regeneration (around neck)
 p - a ring of protection from fire (left hand)
 t - a +3 ring of dexterity (right hand)
 A - an uncursed ring of positive energy
Wands
 r - a wand of iceblast (9)
 y - a wand of random effects (19)
 B - a wand of paralysis (8)
Scrolls
 e - 2 scrolls of magic mapping
 g - 7 scrolls of identify
 i - a scroll of teleportation
 o - 2 scrolls of blinking
 u - a scroll of amnesia
 w - 8 scrolls of remove curse
Potions
 h - a potion of mutation
 l - a potion of lignification
 m - a potion of cancellation
 n - a potion of magic
 s - 5 potions of curing
 v - 2 potions of brilliance
 x - a potion of degeneration {unknown}
 z - 2 potions of heal wounds
Miscellaneous
 D - a box of beasts
Comestibles
 f - 8 rations


   Skills:
 + Level 7.6 Fighting
 * Level 14.1 Long Blades
 - Level 1.9 Throwing
 + Level 7.7 Armour
 + Level 4.6 Dodging
 - Level 1.7 Stealth
 * Level 7.1 Shields


You had 11 spell levels left.
You didn't know any spells.
Your spell library contained the following spells:

 Spells                   Type           Power        Failure   Level  Hunger
 Beastly Appendage        Tmut           #.....       100%        1    ##.....
 Sticks to Snakes         Tmut           #.......     100%        2    ###....
 Spider Form              Tmut/Pois      #.........   100%        3    ####...
 Ice Form                 Ice/Tmut       #.......     100%        4    #####..
 Blade Hands              Tmut           #.........   100%        5    ######.


Dungeon Overview and Level Annotations

Branches:
Dungeon (11/15)            Temple (1/1) D:7            Lair (3/6) D:10
 Shoals (0/4) Lair:3        Snake (0/4) Lair:2
    Orc: D:9-12

Altars:
Ashenzari
Cheibriados
Dithmenos
Elyvilon
Fedhas
Gozag
Hepliaklqana
Kikubaaqudgha
Makhleb
Nemelex Xobeh
Okawaru
Qazlal
Ru
Sif Muna
Trog
Uskayaw
Vehumet
Wu Jian
Xom
Yredelemnul
Zin
The Shining One

Shops:
D:6 [   D:8 [   D:10 (

Annotations:
D:11 Snorg


Innate Abilities, Weirdness & Mutations

You have sharp fingernails.
You sometimes gain a little power by taking damage.
When hurt, damage is shared between your health and your magic reserves.
When seriously injured, your bleeding wounds create very thick armour. (AC +12)


Message History

The frost giant is almost dead.
Unknown command.
Your plate armour prevents you from hitting the frost giant.
The frost giant is almost dead.
The frost giant points at you and mumbles some strange words.
The bolt of cold hits you!
* * * LOW HITPOINT WARNING * * *
You slash the frost giant!
The frost giant is almost dead.
The frost giant barely misses you.
Unknown command.
You hit the frost giant but do no damage.
The frost giant is almost dead.
Unknown command.
You hit the frost giant.
The frost giant is almost dead.
The frost giant casts a spell at you. The bolt of cold hits you!
Ouch! That really hurt!
You die...

#.###..####.##
##..#
#..###⌠.#
#..###..##
##†##...#
##..#...#
#...#..#
#.....##
##..#.##
##....#
#####.##
##..## ##Y##.#
#..# #.C#.##
#.####
#...CY.#@##
##.#.##
[$#....#.#
##.#.#
#...#### ##†##
##.# ### ##


You could see a frost giant and a yak.

Vanquished Creatures
  A dire elephant (Lair:2)
  3 death yaks (IceCv)
  2 two-headed ogres
  A lindwurm (Lair:2)
  Pikel (D:5)
  An oklob plant (D:10)
  An ice statue (IceCv)
  A spiny frog (Lair:3)
  2 rime drakes (Lair:2)
  2 komodo dragons
  A troll (D:10)
  17 polar bears
  Grinder (D:4)
  2 hornets (D:10)
  6 hippogriffs
  A shadow (D:10)
  A spriggan (D:9)
  13 yaks (IceCv)
  A wraith (D:9)
  A basilisk (Lair:2)
  3 hungry ghosts
  Edmund (D:5)
  2 water moccasins
  A soldier ant (D:10)
  A porcupine (Lair:2)
  5 orc warriors
  An ice beast (D:7)
  A black bear (D:8)
  A hornet zombie (D:5)
  2 ogres
  2 necrophages (D:9)
  25 wolves
  An eye of draining (D:10)
  2 centaurs
  2 crocodiles
  Blork the orc (D:4)
  7 bullfrogs
  A wyvern skeleton (D:10)
  8 killer bees
  5 wights
  2 howler monkeys (D:5)
  4 crimson imps
  A bullfrog zombie (D:9)
  3 hounds
  5 jellies
  4 human zombies (D:9)
  7 orc priests
  11 orc wizards
  6 worker ants
  3 iguanas
  An ogre zombie (D:9)
  A hound zombie (D:6)
  A mummy (D:9)
  A howler monkey zombie (D:8)
  15 gnolls
  12 adders
  3 shadow imps
  12 white imps (Lair:3)
  3 adder skeletons
  2 dart slugs
  9 leopard geckos
  39 orcs
  9 bats
  5 giant cockroaches
  5 goblins
  8 hobgoblins
  7 jackals
  8 quokkas
  5 frilled lizards
  5 kobolds
  3 leopard gecko skeletons
  An orc zombie (D:9)
  8 rats
  A plant (D:10)
341 creatures vanquished.

Vanquished Creatures (others)
  An orc wizard (D:8)
  2 fungi (Lair:2)
  7 toadstools (Lair:2)
10 creatures vanquished.

Grand Total: 351 creatures vanquished

Notes
Turn   | Place    | Note
-------+----------+-------------------------------------------
     0 | D:1      | lolg the Demonspawn Gladiator began the quest for the Orb.
     0 | D:1      | Reached XP level 1. HP: 16/16 MP: 1/1
   223 | D:1      | Reached skill level 3 in Long Blades
   236 | D:1      | Gained mutation: When seriously injured, your bleeding
                  | wounds create armour. (AC +12) [demonic ancestry]
   236 | D:1      | Reached XP level 2. HP: 22/22 MP: 2/2
   679 | D:2      | Reached XP level 3. HP: 15/27 MP: 3/3
   920 | D:2      | Found a shimmering altar of Xom.
  1001 | D:2      | Found a glowing golden altar of the Shining One.
  1139 | D:2      | Reached skill level 1 in Armour
  1482 | D:3      | Gained mutation: When hurt, damage is shared between your
                  | health and your magic reserves. [demonic ancestry]
  1482 | D:3      | Reached XP level 4. HP: 10/33 MP: 4/4
  1496 | D:3      | Reached skill level 4 in Long Blades
  1915 | D:3      | Found a glowing silver altar of Zin.
  1915 | D:3      | Found a burning altar of Makhleb.
  1916 | D:3      | Noticed a balrug
  1916 | D:3      | Noticed an angel
  2114 | D:3      | Reached skill level 1 in Stealth
  2232 | D:4      | Noticed Blork the orc
  2242 | D:4      | Killed Blork the orc
  2242 | D:4      | Gained mutation: When seriously injured, your bleeding
                  | wounds create thick armour. (AC +12) [demonic ancestry]
  2242 | D:4      | Reached XP level 5. HP: 19/39 MP: 3/5
  2643 | D:4      | Reached XP level 6. HP: 42/46 MP: 4/6
  2834 | D:4      | Reached skill level 5 in Long Blades
  2961 | D:4      | Found a hide-covered altar of Uskayaw.
  3193 | D:4      | Noticed Grinder
  3193 | D:4      | Paralysed by Grinder for 7 turns
  3389 | D:4      | Paralysed by Grinder for 4 turns
  3409 | D:4      | Paralysed by Grinder for 5 turns
  3416 | D:4      | Killed Grinder
  3416 | D:4      | Gained mutation: When seriously injured, your bleeding
                  | wounds create very thick armour. (AC +12) [demonic
                  | ancestry]
  3416 | D:4      | Reached XP level 7. HP: 17/51 MP: 7/7
  3706 | D:5      | Entered Level 5 of the Dungeon
  3714 | D:5      | Noticed Edmund
  3729 | D:5      | Killed Edmund
  3729 | D:5      | Reached skill level 6 in Long Blades
  4127 | D:5      | Noticed Pikel
  4146 | D:5      | Killed Pikel
  4146 | D:5      | Reached skill level 7 in Long Blades
  4146 | D:5      | Gained mutation: You have sharp fingernails. [demonic
                  | ancestry]
  4146 | D:5      | Reached XP level 8. HP: 42/60 MP: 5/8
  4218 | D:5      | Reached skill level 8 in Long Blades
  4840 | D:6      | Found Cesaf's Antique Armour Boutique.
  5119 | D:6      | Found an opulent altar of Gozag.
  5438 | D:7      | Found a staircase to the Ecumenical Temple.
  5480 | Temple   | Entered the Ecumenical Temple
  5671 | Temple   | Became a worshipper of Sif Muna the Loreminder
  5741 | D:7      | Reached skill level 9 in Long Blades
  5780 | D:7      | Reached XP level 9. HP: 63/65 MP: 9/9
  6557 | D:8      | Noticed a two-headed ogre
  6575 | D:8      | Killed a two-headed ogre
  6575 | D:8      | Reached skill level 10 in Long Blades
  6845 | D:8      | Found Kaisify's Antique Armour Boutique.
  6848 | D:8      | Reached skill level 5 in Armour
  6921 | D:8      | Reached skill level 5 in Fighting
  6938 | D:8      | Reached XP level 10. HP: 21/74 MP: 6/10
  7380 | D:8      | Reached skill level 11 in Long Blades
  7894 | D:9      | Reached * piety under Sif Muna
  7907 | D:9      | Found a basalt altar of Yredelemnul.
  8083 | D:9      | Found a hazy altar of Hepliaklqana.
  8331 | D:10     | Entered Level 10 of the Dungeon
  8528 | D:10     | Noticed a two-headed ogre
  8550 | D:10     | Killed a two-headed ogre
  8550 | D:10     | Reached skill level 12 in Long Blades
  8782 | D:10     | Found a staircase to the Lair.
  8801 | D:10     | Noticed an oklob plant
  8844 | D:10     | Found a bloodstained altar of Trog.
  9437 | D:10     | Paralysed by a hornet for 3 turns
  9444 | D:10     | Paralysed by a hornet for 2 turns
  9454 | D:10     | Reached XP level 11. HP: 11/83 MP: 6/11
  9467 | D:10     | HP: 4/83 [poisoned by a hornet]
  9473 | D:10     | HP: 4/83 [poisoned by a hornet]
  9481 | D:10     | HP: 3/83 [poisoned by a hornet]
  9942 | D:10     | Found Kixesch's Weapon Shoppe.
 10237 | D:11     | Noticed Snorg
 10277 | D:10     | Killed an oklob plant
 10291 | Lair:1   | Entered Level 1 of the Lair of Beasts
 10862 | Lair:1   | Got a twisted ring mail
 10863 | Lair:1   | Identified the cursed +0 ring mail of Good Intentions
                  | {Int+2} (You found it on level 1 of the Lair of Beasts)
 10936 | Lair:2   | Reached skill level 1 in Shields
 11270 | Lair:2   | Found a staircase to the Snake Pit.
 11471 | Lair:2   | Reached skill level 13 in Long Blades
 11986 | Lair:2   | Found a runed door.
 12498 | Lair:2   | Noticed a lindwurm
 12498 | Lair:2   | Noticed a dire elephant
 12514 | Lair:2   | Killed a dire elephant
 12517 | Lair:2   | Killed a lindwurm
 12523 | Lair:2   | Got a bound iron ring
 12530 | Lair:2   | Identified the ring "Uregeafa" {+Fly Int+3 Stlth+} (You
                  | found it on level 2 of the Lair of Beasts)
 13149 | Lair:3   | Found a frozen archway.
 13288 | IceCv    | Entered an ice cave
 13964 | IceCv    | Reached ** piety under Sif Muna
 13981 | IceCv    | Gained mutation: You sometimes gain a little power by
                  | taking damage. [demonic ancestry]
 13981 | IceCv    | Reached XP level 12. HP: 27/91 MP: 6/12
 14274 | IceCv    | Noticed a death yak
 14304 | IceCv    | Killed a death yak
 14304 | IceCv    | Reached skill level 5 in Shields
 15016 | IceCv    | Reached skill level 14 in Long Blades
 15378 | IceCv    | Noticed a death yak
 15378 | IceCv    | Noticed a frost giant
 15378 | IceCv    | Noticed a death yak
 15399 | IceCv    | Killed a death yak
 16175 | IceCv    | Killed a death yak
 16385 | IceCv    | Killed from afar by a frost giant

Vault maps used:
D:1:      lightli_arrival_lavapool, serial_forest, infiniplex_forest_straight_2,
          infiniplex_forest_clump_curved, infiniplex_forest_straight_3,
          infiniplex_forest_clump_diagonal, infiniplex_forest_lined_3,
          infiniplex_forest_clump_tiny, infiniplex_forest_lined_corner,
          infiniplex_forest_pool
D:2:      lemuel_crystal_altar, tso_oasis_becter
D:3:      grunt_temple_overflow_order_and_chaos_2
D:4:      lemuel_coloured_pillars_altar, uniq_grinder, uniq_blork_the_orc
D:5:      first_ration, uniq_edmund, uniq_pikel
D:6:      nicolae_gozag_cash_rules_everything_around_me, serial_shops, shop
D:7:      minmay_temple_entry_statues_fountains
D:8:      serial_shops, shop
D:9:      lemuel_mausoleum_altar_yredelemnul, lemuel_crystal_altar,
          grunt_pizzeria
D:10:     dpeg_oklobed_lair, serial_shops, shop, basic_altar
D:11:     uniq_snorg
Temple:   eino_temple_water
Lair:2:   gammafunk_lair_enchanted_lake, dummy_snake_entry
Lair:3:   elwin_shoals_entry_rocks, portal_ice_cave_entry_imps,
          guppyfry_lair_drakes, infiniplex_staircase_pool_2, lemuel_fruit_fields
IceCv:    ice_cave_caverns_01

Skill      XL: |  1  2  3  4  5  6  7  8  9 10 11 12 |
---------------+-------------------------------------+-----
Long Blades    | 3 4 5 7 9 10 12 13 14 | 14.1
Armour         | 1 2 3 4 5 6 7 |  7.7
Dodging        | 3 4 |  4.6
Stealth        | 1 |  1.7
Fighting       | 3 4 5 6 7 |  7.6
Shields        | 4 7 |  7.1
Throwing       | |  1.9

Action                   |  1- 3 |  4- 6 |  7- 9 | 10-12 || total
-------------------------+-------+-------+-------+-------++-------
Melee: Long sword        |   119 |    56 |       |       ||   175
       Scimitar          |       |    82 |   275 |  1085 ||  1442
Evoke: Wand              |       |       |       |     1 ||     1
  Use: Potion            |     1 |     6 |     6 |     3 ||    16
       Scroll            |       |    12 |     7 |    12 ||    31
 Stab: Sleeping          |     1 |       |     3 |     1 ||     5
       Invisible         |       |     7 |       |       ||     7
       Paralysed         |       |       |       |     4 ||     4
  Eat: Chunk             |     1 |     3 |     6 |    18 ||    28
       Ration            |       |     1 |     4 |     6 ||    11
Armor: Leather armour    |     4 |       |       |       ||     4
       Scale mail        |    72 |    76 |   109 |    82 ||   339
       Plate armour      |       |       |       |   466 ||   466
Dodge: Dodged            |    99 |   121 |   157 |   222 ||   599
Block: Large shield      |       |       |       |   470 ||   470
       Rpst.: Long sword |    32 |    18 |       |       ||    50
       Scimitar          |       |    13 |    48 |    73 ||   134

Table legend:
 A = Non-vault XP
 B = Vault XP
 C = Vault XP percentage of total XP
 D = Non-vault monster count
 E = Vault monster count
 F = Vault count percentage of total count
                 A         B        C        D         E       F
            +---------+---------+-------+---------+---------+-------
      Total |   12547 |   19058 |  60.3 |     250 |      90 |  26.5
            +---------+---------+-------+---------+---------+-------
        D:1 |      26 |       0 |   0.0 |      17 |       0 |   0.0
        D:2 |      40 |       0 |   0.0 |      19 |       0 |   0.0
        D:3 |     122 |       0 |   0.0 |      21 |       0 |   0.0
        D:4 |     226 |     367 |  61.9 |      16 |       2 |  11.1
        D:5 |     502 |     773 |  60.6 |      15 |       2 |  11.8
        D:6 |     501 |       0 |   0.0 |      27 |       0 |   0.0
        D:7 |     672 |       0 |   0.0 |      18 |       0 |   0.0
        D:8 |    2638 |       0 |   0.0 |      34 |       0 |   0.0
        D:9 |    1235 |     990 |  44.5 |      32 |      13 |  28.9
       D:10 |    3438 |     557 |  13.9 |      33 |       1 |   2.9
     Lair:1 |     593 |       0 |   0.0 |       2 |       0 |   0.0
     Lair:2 |    2038 |    3701 |  64.5 |      14 |       9 |  39.1
     Lair:3 |     516 |     121 |  19.0 |       2 |      12 |  85.7
      IceCv |       0 |   12549 | 100.0 |       0 |      51 | 100.0
            +---------+---------+-------+---------+---------+-------
